Workbook

Sheet Historico SMMLV
A1: Año | B1: SMMLV
A2: 1984 | B2: 11298
A3: 1985 | B3: 13558
A4: 1986 | B4: 16811
A5: 1987 | B5: 20510
A6: 1988 | B6: 25637
A7: 1989 | B7: 32560
A8: 1990 | B8: 41025
A9: 1991 | B9: 51716
A10: 1992 | B10: 65190
A11: 1993 | B11: 81510
A12: 1994 | B12: 98700
A13: 1995 | B13: 118934
... A38: 2020 | B38: 877803

Sheet HABILITANTE 
A1: ALCALDIA LOCAL DE PUENTE ARANDA
A2: INFRAESTRUCTURA FDLPA
A4: CONCURSO DE MERITOS CMA FDLPA 029-2021
A6: REALIZAR LA INTERVENTORÍA TÉCNICA, ADMINISTRATIVA, FINANCIERA, JURÍDICA, SOCIAL, AMBIENTAL Y SST AL CONTRATO DE OBRA PUBLICA QUE TENDRÁ POR OBJETO “EJECUTAR A PRECIOS UNITARIOS FIJOS SIN FORMULA DE REAJUSTE Y A MONTO AGOTABLE LAS OBRAS DE MANTENIMIENTO Y/O REPARACIONES LOCATIVAS DE LOS SALONES COMUNALES DE LA LOCALIDAD DE PUENTE ARANDA A EN LA CIUDAD DE BOGOTÁ D.C.”
A7: PRESUPUESTO OFICIAL: | H7: 76958053
A8: SMMLV: | H8: =H7/908526 -> 84.706495
A9: VALOR MINIMO A CERTIFICAR (150%) | H9: =H8*150% -> 127.05974
A11: EVALUACION TECNICA
A12: INFORMACION PROPONENTE | L12: PROPUESTA N°
A13: PROPONENTE: | D13: =+D17 -> YOHAN FAHIR BERMÚDEZ PARRA | L13: =D15 -> 1
A14: REPRESENTANTE LEGAL:
A15: PROPUESTA N° | D15: 1
A16: INTEGRANTES: | D16: NOMBRE / RAZON SOCIAL | F16: NIT | G16: C.C. / NIT | H16: % PARTICIPACION | I16: REPRESENTANTE LEGAL | K16: C.C. / NIT
D17: YOHAN FAHIR BERMÚDEZ PARRA | G17: 1077426433 | H17: 1 | I17: YOHAN FAHIR BERMÚDEZ PARRA | K17: 19275138
A21: IDONEIDAD (2.1) | D21: CUMPLE
A23: CLASIFICACIÓN UNSPSC (811015, 811022, 801016)
A24: INTEGRANTE | H24: SEGMENTO | I24: FAMILIA | J24: CLASE | K24: CUMPLE
A25: =+D17 -> YOHAN FAHIR BERMÚDEZ PARRA | H25: 81 | I25: 10 | J25: 1500 | K25: CUMPLE
H26: 81 | I26: 14 | J26: 1500 | K26: CUMPLE
H27: 80 | I27: 10 | J27: 1600
K29: CUMPLE
A31: Observaciones:
A33: 3.5 EXPERIENCIA PROPONENTE (Formato 3 – Experiencia para todos los Proponentes)
A34: N° ANOTACIÓN RUP | B34: No. DE CONTRATO Y ENTIDAD CONTRATANTE | C34: CONTRATISTA | D34: % PARTICIPACION | E34: OBJETO | F34: FECHA DE TERMINACIÓN | G34: VALOR | H34: VALOR CONVERTIDO A SALARIOS MÍNIMOS DE ACUERDO A FECHA DE TERMINACIÓN | I34: VALOR CONVERTIDO A SALARIOS MÍNIMOS AFECTADO POR EL PORCENTAJE DE PARTICIPACIÓN | J34: CLASIFICADOR RUP | K34: VALOR EN S.M.M.L.V. | L34: OBSERVACIONES
A35: 14 | B35: 001-192/2015 GENCIA LOGISTICA DE LAS FUERZAS MILITARES | C35: =+D13 -> YOHAN FAHIR BERMÚDEZ PARRA | D35: 0.2 | E35: CONTRATAR LA INTERVENTORÍA TÉCNICA, FINANCIERA, JURÍDICA, ADMINISTRATIVA Y AMBIENTAL PARA LA CONSTRUCCION DE LA SEGUNDA ETAPA DEL EDIFICIO DE AULAS PARA LA ESCUELA SUPERIOR DE GUERRA UBICADA EN EL CANTON NORTE EN LA CIUDAD DE BOGOTACONTRATAR LA INTERVENTORÍA TÉCNICA, FINANCIERA, JURÍDICA, ADMINISTRATIVA Y AMBIENTAL PARA LA CONSTRUCCION DE LA SEGUNDA ETAPA DEL EDIFICIO DE AULAS PARA LA ESCUELA SUPERIOR DE GUERRA UBICADA EN EL CANTON NORTE EN LA CIUDAD DE BOGOTA | F35: 42765 | G35: 557263567 | H35: =+G35/'Historico SMMLV'!B35 -> 755.38935 | I35: =+H35*D35 -> 151.07787 | J35: 801016 811015 811416
A36: 19 | B36: 136-2016SENA- SERVICIO NACIONAL DE APRENDIZAJE | C36: =+C35 -> YOHAN FAHIR BERMÚDEZ PARRA | D36: 1 | E36: CONTRATAR LA INTERVENTORIA TECNICA ADMINISTRATIVA LEGAL Y FINANCIERA CONTABLE AL CONTRATO QUE TIENE POR OBJETO LA CONSTRUCCION DE LA AGENCIA PUBLICA DE EMPLEO Y SALA EMPRENDENTE SENA REGIONAL GUAINIACONTRATAR LA INTERVENTORIA TECNICA ADMINISTRATIVA LEGAL Y FINANCIERA CONTABLE AL CONTRATO QUE TIENE POR OBJETO LA CONSTRUCCION DE LA AGENCIA PUBLICA DE EMPLEO Y SALA EMPRENDENTE SENA REGIONAL GUAINIA | F36: 42906 | G36: 79997385 | H36: =+G36/'Historico SMMLV'!B35 -> 108.43912 | I36: =+H36*D36 -> 108.43912 | J36: 801016 811015 811416
I37: =+H37*D37 -> 0 | K37: =+H37*D37 -> 0
K38: =H38*D38 -> 0
K39: =H39*D39 -> 0
H40: SMMLV | I40: =SUM(I35:I39) -> 259.51699 | K40: {=K35:K37+#REF!} -> #REF! | L40: >=127,06
K41: #REF! | L41: CUMPLE | N41: CUMPLE | O41: NO CUMPLE
K42: #REF!
A43: REALIZAR LA INTERVENTORÍA INTEGRAL A CONTRATOS QUE HAYAN EJECUTADO OBRAS DE CONSTRUCCIÓN y/o ADECUACIONES y/o MEJORAMIENTO y/o REMODELACIÓN y/o MANTENIMIENTO y/o REPARACIONES LOCATIVAS DE EDIFICACIONES CON USO INSTITUCIONAL Y/O DOTACIONALES | I43: CUMPLE | J43: SI | K43: {=J44SI} -> #NAME? | N43: SI | O43: NO
A44: ADJUNTA FORMATO 8 - CARTA DE COMPROMISO DEL PERSONAL MINIMO REQUERIDO ( DIRECTOR DE INTERVENTORÍA y RESIDENTE DE INTERVENTORÍA) | I44: CUMPLE | J44: SI
A45: Observaciones:
A47: EVALUACION PERSONAL CLAVE (DIRECTOR DE INTERVENTORÍA Y RESIDENTE DE INTERVENTORÍA)
A48: FORMATO 12 | B48: SI | G48: FORMATO 12 | H48: SI
A50: DIRECTOR DE OBRA | H50: RESIDENTE DE OBRA
A51: NOMBRE | B51: =+D13 -> YOHAN FAHIR BERMÚDEZ PARRA | H51: NOMBRE | I51: JEIMI KATTERINE TERREROS HIDALGO
A52: TÍTULO | B52: INGENIERO CIVIL | E52: CUMPLE | H52: TÍTULO | I52: INGENIERO CIVIL | L52: CUMPLE
A53: EXPERIENCIA GENERAL (AÑOS) | B53: 8 | D53: >= 6 AÑOS | E53: CUMPLE | H53: EXPERIENCIA GENERAL (AÑOS) | I53: 4 | J53: >= 4 AÑOS | L53: CUMPLE
A54: EXPERIENCIA ESPECIFICA ( NUMERO DE PROYECTOS) | B54: 4 | E54: CUMPLE | H54: EXPERIENCIA ESPECIFICA ( NUMERO DE PROYECTOS) | I54: 2 | L54: CUMPLE
A55: Documentos cédula, Vigencia Copnia, Diplomas | E55: CUMPLE | H55: Documentos cédula, Vigencia Copnia, Diplomas | L55: CUMPLE
A57: ENTIDAD CONTRATANTE CONTRATO No. | B57: OBJETO | E57: CARGO OCUPADO | H57: ENTIDAD CONTRATANTE CONTRATO No. | I57: OBJETO | L57: CARGO OCUPADO
A58: CONSORCIO INTERTEJADA | B58: INTERVENTORÍA TÉCNICA, ADMINISTRATIVA, FINANCIERA, LEGAL Y AMBIENTAL PARA REALIZAR OBRAS DE ADECUACIÓN, MANTENIMIENTO Y REPARACIONES LOCATIVAS EN EL CENTRO CULTURAL LUCY TEJADA DEL MUNICIPIO DE PEREIRA | E58: DIRECTOR DE INTERVENTORÍA | H58: NGEBEL SAS | I58: INTERVENTORÍA TÉCNICA, ADMINISTRATIVA, FINANCIERA, AMBIENTAL, JURIDICA Y CONTABLE AL CONTRATO DE OBRA RESULTANTE DEL PROCESO DE SELECCIÓN ABREVIADA DE MENOR CUANTÍA No. 204- DIADQCADCO-CENAC INGENIEROS-2017 CUYO OBJETO ES “MANTENIMIENTO DEL COMEDOR DE TROPA PARA LA ESCUELA DE SOLDADOS | L58: COORDINADOR DE INTERVENTORÍA
A59: CONSORCIO SANTA MARIA | B59: REALIZAR LA INTERVENTORIA TECNICA, ADMINISTRATIVA, FINANCIERA, LEGAL, AMBIENTAL, CONTROAL DE COSTOS Y CONTROL DE PROGRAMACION A LAS OBRAS DE MANTENIMIENTO Y ADECUACION DE 37 INMUEBLES DONDE FUNCIONAN OFICINAS DE REGISTRO DE INSTRUMENTOS PUBLICOS A NIVEL NACIONAL Y LA BODEGA EN FUNZA, DIVIDIDA EN 4 AGRUPACIONES ( AGRUPACION N° 1 REGIONAL ANDINA) | E59: COORDINADOR DE INTERVENTORÍA | H59: CONSORCIO INTERCENCAC 2021 | I59: INTERVENTORIA TECNICA, ADMINISTRATIVA, FINANCIERA, AMBIENTAL, JURIDICA Y CONTABLE PARA LOS CONTRATOS DE OBRA QUE RESULTE DEL PROCESO LP-180 COADE-DICRE-CENAC_x0002_ING 2021 CUYO OBJETO REALIZAR LOS DIFERENTES MANTENIMIENTOS A LAS INSTALACIONES DE LAS UNIDADES MILITARES A NIVEL NACIONAL. FRENTE IV - CTO 214-COADEC_x0002_DICRE_x0002_CENACINGENIEROS_x0002_2021 | L59: COORDINADOR DE INTERVENTORÍA
A60: CONSORCIO SANTA ANA | B60: INTERVENTORIA TÉCNICA, ADMINISTRATIVA Y FINANCIERA PARA LA CONSTRUCCIÓN DEL LABORATORIO DE CALIDAD AMBIENTAL Y ADECUACIONES DE LAS AREAS DEL INMUEBLE PROPIEDAD DEL IDEAM UBICADO EN LA LOCALIDAD DE PUENTE ARANDA EN LA CIUDAD DE BOGOTA. | E60: COORDINADOR DE INTERVENTORÍA
A61: CONSORCIO SAN ALE | B61: INTERVENTORIA TECNICA, ADMINISTRATIVA, FINANCIERA DE LAS OBRAS DE ADECUACION, MEJORAMIENTO Y MANTENIMIENTO CORRECTIVO DE LAS PLANTAS FISICAS ESTABLECIDAS CON EL FIN DE ATENDER LOS REQUERIMIENTOS DE SECRETARIA DISTRITAL DE SALUD EN TERMINOS HIGIENICOS SANITARIOS E INFRAESTRUCTURA EN GENERAL EN LAS LOCALIDADES DE: TUNJUELITO, PUENTE ARANDA, SAN CRISTOBAL, CIUDAD BOLIVAR, KENNEDY, BOSA, SUBA, USAQUEN, BARRIOS UNIDOS. | E61: COORDINADOR DE INTERVENTORÍA
A64: EVALUACION DEL PERSONAL CLAVE | K64: CUMPLE
A66: OBSERVACIONES:
A68: RESUMEN EVALUACION TECNICA - HABILITANTES
A70: Requerimiento | D70: Cumple | E70: No Cumple
A71: IDONEIDAD | D71: X
A72: RUP | D72: X
A73: EXPERIENCIA DEL PROPONENTE | D73: X
A74: PERSONAL CLAVE (DIRECTOR DE INTERVENTORIA) | D74: X | H74: PROPONENTE: | J74: =+IF(AND(D71="X",D72="X",D73="X",D74="X"),"CUMPLE","NO CUMPLE") -> CUMPLE
A75: PERSONAL CLAVE (RESIDENTE DE INTERVENTORÍA) | D75: X
D78: "Original Firmado"
A81: Proyectó: MAGDA LORENA DAVILA VELANDIA | G81: Revisó: FREDY MARTIN
A82: Ingeniero Contratista FDLPA | G82: Coordinador Infraestructura FDLPA
A83: Fondo de Desarrollo Local de Puente Aranda

Sheet PONDERABLE
A1: ALCALDIA LOCAL DE CIUDAD BOLIVAR
A2: INFRAESTRUCTURA FDLCB
A4: ='HABILITANTE '!A4:L4 -> CONCURSO DE MERITOS CMA FDLPA 029-2021
A6: ='HABILITANTE '!A6:L6 -> REALIZAR LA INTERVENTORÍA TÉCNICA, ADMINISTRATIVA, FINANCIERA, JURÍDICA, SOCIAL, AMBIENTAL Y SST AL CONTRATO DE OBRA PUBLICA QUE TENDRÁ POR OBJETO “EJECUTAR A PRECIOS UNITARIOS FIJOS SIN FORMULA DE REAJUSTE Y A MONTO AGOTABLE LAS OBRAS DE MANTENIMIENTO Y/O REPARACIONES LOCATIVAS DE LOS SALONES COMUNALES DE LA LOCALIDAD DE PUENTE ARANDA A EN LA CIUDAD DE BOGOTÁ D.C.”
A7: PRESUPUESTO OFICIAL: | G7: ='HABILITANTE '!H7 -> 76958053
A8: SMMLV: | G8: ='HABILITANTE '!H8 -> 84.706495
A10: EVALUACION PONDERABLE
A11: INFORMACION PROPONENTE | K11: PROPUESTA N°
A12: PROPONENTE: | D12: ='HABILITANTE '!D13:K13 -> YOHAN FAHIR BERMÚDEZ PARRA | K12: ='HABILITANTE '!D15 -> 1
A13: REPRESENTANTE LEGAL: | D13: ='HABILITANTE '!D14:K14 -> 0
A14: INTEGRANTES: | D14: NOMBRE / RAZON SOCIAL | F14: C.C. / NIT | G14: % PARTICIPACION | I14: REPRESENTANTE LEGAL | J14: C.C. / NIT
D15: ='HABILITANTE '!D17:E17 -> YOHAN FAHIR BERMÚDEZ PARRA | F15: ='HABILITANTE '!G17 -> 1077426433 | G15: ='HABILITANTE '!H17 -> 1 | I15: ='HABILITANTE '!I17:J17 -> YOHAN FAHIR BERMÚDEZ PARRA | J15: ='HABILITANTE '!K17 -> 19275138
D16: ='HABILITANTE '!D18:E18 -> 0 | F16: ='HABILITANTE '!G18 -> 0 | G16: ='HABILITANTE '!H18 -> 0 | I16: ='HABILITANTE '!I18:J18 -> 0 | J16: ='HABILITANTE '!K18 -> 0
D17: ='HABILITANTE '!D19:E19 -> 0 | F17: ='HABILITANTE '!G19 -> 0 | G17: ='HABILITANTE '!H19 -> 0 | I17: ='HABILITANTE '!I19:J19 -> 0 | J17: ='HABILITANTE '!K19 -> 0
D18: ='HABILITANTE '!D20:E20 -> 0 | F18: ='HABILITANTE '!G20 -> 0 | G18: ='HABILITANTE '!H20 -> 0 | I18: ='HABILITANTE '!I20:J20 -> 0 | J18: ='HABILITANTE '!K20 -> 0
A20: PONDERACIÓN DE LA EXPERIENCIA DEL PROPONENTE
A21: FACTOR 1
A23: FACTOR 1: Ponderación por porcentajes que representan las Σ de los valores en SMMLV de los contratos de experiencia validos
A25: Observación: EL PROPONENTE CUMPLE CON ELFACTOR 1: Ponderación por porcentajes que representan las Σ de los valores en SMMLV de los contratos de experiencia validos NO SE LE OTORGA PUNTAJE PORQUE ESTA DESABILITADO POR EL FACTOR JURIDICO
A26: CAPACITACION - FORMATO 5
A28: FACTOR 3: Experiencia adicional del equipo de trabajo (FORMATO 12 - EXPERIENCIA ADICIONAL ESPECÍFICA ACREDITADA DEL PROPONENTE)
C29: PROFESIONAL | D29: PROFESIONAL | E29: REQUERIMIENTO ADICIONAL | F29: PUNTOS
C30: UN (1) DIRECTOR DE INTERVENTORIA | E30: CUMPLE
C31: UN (1) RESIDENTE DE INTERVENTORIA | E31: CUMPLE
A33: Observación: PRESENTA FORMATO DE 12 - EXPERIENCIA ADICIONAL ESPECÍFICA ACREDITADA DEL PROPONENTE NO SE LE OTORGA PUNTAJE PORQUE ESTA DESABILITADO POR EL FACTOR JURIDICO
A35: Presenta diligenciado el Formato 5 - Capacitación
A36: Observación: PRESENTA FORMATO DE CAPACITACIÓN NO SE LE OTORGA PUNTAJE PORQUE ESTA DESABILITADO POR EL FACTOR JURIDICO
A38: APOYO A LA INDUSTRIA NACIONAL
D40: i). Promoción de Servicios Nacionales o con trato NacionaL
D41: ii). Promoción de Servicios Nacionales o con Trato Naciona
A43: Observacion: PRESENTA FORMATO DE APOYO A LA INDUSTRIA NACIONAL NO SE LE OTORGA PUNTAJE PORQUE ESTA DESABILITADO POR EL FACTOR JURIDICO
A45: VINCULACIÓN DE PERSONAS CON DISCAPACIDAD
D47: VINCULACION DE PERSONAS CON DISCAPACIDAD
A49: Observaciones: PRESENTA FORMATO DE VINCULACIÓN DE PERSONAS CON DISCAPACIDAD NO SE LE OTORGA PUNTAJE PORQUE ESTA DESABILITADO POR EL FACTOR JURIDICO
A51: RESUMEN EVALUACION PONDERABLE
A54: FACTORES DE PONDERACIÓN
A55: FACTOR 1 - Ponderación por porcentajes que representan las Σ de los valores en SMMLV de los contratos de experiencia validos | D55: =+H23 -> 0
A56: FACTOR 2 - Factor de ponderación adicional de la experiencia del proponente. | D56: EN TABLA APARTE
A57: FACTOR 3 - Experiencia adicional del equipo de trabajo. | D57: =+H28 -> 0
A58: CAPACITACION | D58: =+H35 -> 0
A59: PROTECCIÓN A LA INDUSTRIA NACIONAL | D59: =+H40 -> 0
A60: TRABAJADORES CON DISCAPACIDAD | D60: =+H47 -> 0
A61: TOTAL | D61: =+D55+D57+D58+D59+D60 -> 0 | E61: =IF('HABILITANTE '!J74="NO HABILITADO","ESTE PUNTAJE SE OTORGARÁ SOLO SI EL PROPONENTE SE ENCUENTRA HABILITADO","")
D66: "Original Firmado"
A69: Proyectó: MAGDA LORENA DAVILA VELANDIA | F69: Revisó: FREDY MARTIN
A70: Ingeniero Contratista FDLPA | F70: Coordinador Infraestructura FDLPA
A71: Fondo de Desarrollo Local de Puente Aranda
